 Dungeon Crawl Stone Soup version 0.29.1-1-gd02db6906a (webtiles) character file.

Game seed: 18347807457110264540

44 Zeld the Chopper (level 3, -2/33 HPs)
             Began as a Minotaur Berserker on Oct 9, 2022.
             Was a Follower of Trog.
             Slain by Sigmund
             ... wielding a +1 scythe of flaming
              (3 damage)
             ... on level 2 of the Dungeon.
             The game lasted 00:02:00 (1841 turns).

Zeld the Chopper (Minotaur Berserker)               Turns: 1841, Time: 00:02:01

Health: -2/33      AC:  2    Str: 22 (23) XL:     3   Next: 41%
Magic:  2/2        EV:  7    Int:  2 (4)  God:    Trog [*.....]
Gold:   71         SH:  0    Dex:  6 (9)  Spells: 2/2 levels left

rFire   . . .      SeeInvis .   a - +0 hand axe
rCold   . . .      Faith    .   d - +0 tower shield
rNeg    . . .      Spirit   .   b - +0 animal skin
rPois   .          Reflect  .   (helmet restricted)
rElec   .          Harm     .   (no cloak)
rCorr   .          Rampage  .   (no gloves)
Will    +....                   (no boots)
Stlth   +.........              (no amulet)
HPRegen 0.11/turn               (no ring)
MPRegen 0.08/turn               (no ring)

@: confused, on berserk cooldown, flying, slowed, very slow
A: horns 2, retaliatory headbutt, strong-willed 1, screaming 1, inability to
read after injury 1
a: Renounce Religion, Berserk


You were on level 2 of the Dungeon.
You worshipped Trog.
Trog was aware of your devotion.
You visited 1 branch of the dungeon, and saw 2 of its levels.

You collected 94 gold pieces.
You spent 23 gold pieces at shops.

Inventory:

Hand Weapons
 a - a +0 hand axe (weapon)
Armour
 b - a +0 animal skin (worn)
 d - a +0 tower shield (worn)
Scrolls
 e - 3 scrolls of identify {unknown}
 g - a scroll of noise {unknown}
 i - 2 scrolls of poison {unknown}
 j - a scroll of enchant armour {unknown}
 l - a scroll of blinking {unknown}
 m - a scroll of torment {unknown}
 n - a scroll of acquirement {unknown}


   Skills:
 + Level 4.0 Fighting
 * Level 4.4 Axes
 + Level 3.0 Armour
 + Level 2.7 Dodging


You had 2 spell levels left.
You didn't know any spells.
Your spell library was empty.

Dungeon Overview and Level Annotations

Branches:
Dungeon (2/15)

Altars:

Shops:
D:1 =*[*

Annotations:
D:2 Sigmund


Innate Abilities, Weirdness & Mutations

You have a pair of horns on your head.
You reflexively headbutt those who attack you in melee.
You are strong-willed. (Will+)
You occasionally shout uncontrollably at your foes.
You occasionally lose the ability to read scrolls when taking damage.


Message History

You are no longer berserk.
You are exhausted.
You feel yourself slow down.
Sigmund hits you with a +1 scythe of flaming.
* * * LOW HITPOINT WARNING * * *
Sigmund burns you.
* * * LOW HITPOINT WARNING * * *
Okay, then.
Okay, then.
It was a potion of flight.
You feel very buoyant.
You fly up into the air.
Sigmund hits you but does no damage.
It was a potion of curing.
You feel better. Sigmund gestures at you while chanting.
You are confused.
It was a potion of mutation.
You feel extremely strange.
You occasionally lose the ability to read scrolls when taking damage.
You feel the urge to shout.
You feel strong-willed.
Sigmund hits you with a +1 scythe of flaming!
* * * LOW HITPOINT WARNING * * *
Sigmund burns you.
* * * LOW HITPOINT WARNING * * *
Unknown command.
It was a potion of degeneration.
There was something very wrong with that liquid.
You feel weakened.
You feel dopey.
You feel clumsy.
Sigmund says, "Look into my eyes."
Sigmund completely misses you.
Unknown command.
Sigmund hits you from afar with a +1 scythe of flaming.
* * * LOW HITPOINT WARNING * * *
Sigmund burns you.
* * * LOW HITPOINT WARNING * * *
Unknown command.
Unknown command.
You're too confused to move!
Sigmund points at you and mumbles some strange words.
You are more confused.
Sigmund hits you from afar with a +1 scythe of flaming.
You die...

##.#..........##
..
...#.###.####..#
####.#
#)†.##..## #.#
#....#...# #.
#....#...#
#........##
######....#
#....# #...@#
......@...[.....
######.#########
#. .. ###


You could see Sigmund.

Vanquished Creatures
  2 adders (D:2)
  A dart slug (D:2)
  A ball python (D:2)
  4 bats
  2 endoplasms
  2 giant cockroaches (D:2)
  A goblin (D:1)
  3 hobgoblins
  4 kobolds
  A rat (D:1)
21 creatures vanquished.

Vanquished Creatures (others)
  3 plants (D:1)
3 creatures vanquished.

Grand Total: 24 creatures vanquished

Notes
Turn   | Place    | Note
-------+----------+-------------------------------------------
     0 | D:1      | Zeld the Minotaur Berserker began the quest for the Orb.
     0 | D:1      | Reached XP level 1. HP: 19/19 MP: 0/0
    23 | D:1      | Found Zofi Judd's Armour Shoppe.
    54 | D:1      | Found Cuof Juz's Jewellery Shop.
   105 | D:1      | Found Boetan's General Store.
   777 | D:1      | Reached XP level 2. HP: 26/27 MP: 1/1
   790 | D:1      | Found Nuhipesi's Assorted Antiques.
   795 | D:1      | Bought a scroll labelled DATTIC CEORR for 23 gold pieces
   810 | D:1      | Found Xoaceox's Armour Emporium.
  1076 | D:1      | Found a faded altar of an unknown god.
  1621 | D:2      | Reached XP level 3. HP: 24/33 MP: 2/2
  1825 | D:2      | Noticed Sigmund
  1838 | D:2      | Gained mutation: You occasionally lose the ability to read
                  | scrolls when taking damage. [potion of mutation]
  1838 | D:2      | Gained mutation: You occasionally shout uncontrollably at
                  | your foes. [potion of mutation]
  1838 | D:2      | Gained mutation: You are strong-willed. (Will+) [potion of
                  | mutation]
  1840 | D:2      | HP: 1/33 [Sigmund/+1 scythe of flaming (1)]
  1841 | D:2      | Slain by Sigmund

Illustrated notes

Levels and vault maps discovered:
D:1:      tarquinn_simple_flora_water_b, layout_loops_ring,
          chequers_ecumenical_altar_island, serial_shops, shop, shop, shop,
          shop, shop
D:2:      minmay_recursive_quarters, layout_loops_ring, uniq_sigmund

Skill      XL: |  1  2  3 |
---------------+----------+-----
Axes           | 4 |  4.4
Fighting       | 4 |  4.0
Armour         | 3 |  3.0
Dodging        | |  2.7

Action                   || total
-------------------------++-------
Melee: Hand axe          ||    52
       Headbutt          ||     6
Invok: Berserk           ||     2
  Use: Potion            ||     4
Armor: Animal skin       ||    19
Dodge: Dodged            ||    19
Block: Tower shield      ||    25
